Cogmind - Beta 14 @@@ ROGUE MODE // 2025.03.16 @ 10:49:55 Player: winnking222 Result: Destroyed by Y-54 Guardian with Gatling Laser Performance ------------- Evolutions (0) 0 Regions Visited (4) 800 Robots Destroyed (33) 165 Value Destroyed (783) 783 Prototype IDs (2) 40 Alien Tech Used (0) 0 Bonus (0) 0 TOTAL SCORE: 1788 Bonus ------- None Cogmind --------- Core Integrity 0/250 Matter 286/300 Energy 280/280 System Corruption 0% Temperature Cool (26) Movement Walking (190) Ox1 Location -7/Recycling Parts ------- > --- POWER (1) -------- Heavy Ion Engine > --- PROPULSION (2) --- Aluminum Leg Aluminum Leg > --- UTILITY (2) ------ Large Storage Unit Core Shielding > --- WEAPON (2) ------- Pulse Rifle High-powered Shotgun > --- INVENTORY (15) --- Heavy Ion Engine Advanced Treads High-capacity Matter Pod (200) Hacking Suite System Shield Small Laser Beam Cannon Assault Rifle Light Assault Rifle Subdweller Shrapnel Launcher Improved Datajack Plasma Cutter Peak State ------------ > --- POWER ------------ Heavy Ion Engine > --- PROPULSION ------- Aluminum Leg Aluminum Leg > --- UTILITY ---------- Large Storage Unit Core Shielding > --- WEAPON ----------- Pulse Rifle High-powered Shotgun > --- INVENTORY -------- Heavy Ion Engine Advanced Treads High-capacity Matter Pod Hacking Suite System Shield Small Laser Beam Cannon Assault Rifle Light Assault Rifle Subdweller Shrapnel Launcher Improved Datajack Plasma Cutter [Rating: 15] Favorites ----------- Power Heavy Ion Engine Engine Heavy Ion Engine Propulsion Aluminum Leg Treads Light Treads Leg Aluminum Leg Utility Core Shielding Storage Large Storage Unit Protection Core Shielding Weapon Assault Rifle Energy Gun Improved Medium Laser Energy Cannon Beam Cannon Ballistic Gun Assault Rifle Launcher Grenade Launcher Build | -11 -10 -10 -10 -7 ------- Run | Yrd Mat Min Sub Rec Slots Evolved . | . . . . . Power . | . . . . . Propulsion . | . . . . . Utility . | . . . . . Weapon . | . . . . . Parts Attached 37 | 6 21 6 3 1 Power 4 | 1 3 . . . Engine 4 | 1 3 . . . Core . | . . . . . Reactor . | . . . . . Propulsion 8 | 2 4 2 . . Treads 6 | 2 4 . . . Leg 2 | . . 2 . . Wheel . | . . . . . Hover . | . . . . . Flight . | . . . . . Utility 5 | 1 4 . . . Device . | . . . . . Storage 3 | 1 2 . . . Processor . | . . . . . Hackware . | . . . . . Protection 2 | . 2 . . . Artifact . | . . . . . Weapon 20 | 2 10 4 3 1 Energy Gun 4 | . 3 . 1 . Energy Cannon 5 | . 4 1 . . Ballistic Gun 9 | 2 3 2 1 1 Ballistic Cannon . | . . . . . Launcher 2 | . . 1 1 . Special Weapon . | . . . . . Impact Weapon . | . . . . . Slashing Weapon . | . . . . . Piercing Weapon . | . . . . . Special Melee Weapon . | . . . . . Unidentified Prototypes 2 | . 2 . . . Parts Lost 8 | . 3 4 1 . Power . | . . . . . Propulsion 3 | . 1 2 . . Utility . | . . . . . Weapon 5 | . 2 2 1 . Highest Loss Streak 3 | . 3 3 1 . To Critical Strikes . | . . . . . Average Slot Usage (%) 97 | . 94 99 99 100 Engine 14 | . 14 14 14 14 Treads 12 | . 26 1 . . Leg 15 | . . 26 28 28 Storage 14 | . 14 14 14 14 Protection 12 | . 10 14 14 14 Energy Gun 3 | . 4 . 1 14 Energy Cannon 4 | . 9 2 . . Ballistic Gun 11 | . 13 11 13 1 Launcher 7 | . . 13 13 12 Peak Build Rating 15 | 6 12 11 14 15 Average Rating 9 | 4 8 10 11 14 On Entrance 8 | . 6 10 11 14 Naked Turns . | . . . . . Heaviest Build 40 | 13 35 35 40 40 Greatest Support 40 | 40 40 40 20 20 Greatest Overweight (x) 4 | 1 4 1 1 1 Average Overweight (x) . | . . . 1 1 Largest Inventory Capacity 15 | 8 15 15 15 15 Average Capacity 13 | 7 11 15 15 15 Most Carried 13 | 6 10 12 13 12 Average Carried 7 | 2 5 7 12 12 Final Capacity 15 | 8 15 15 15 15 Final Carried 12 | 2 9 12 12 12 Class Distribution -------------------- 100% | Mutant Dominant Class ---------------- Mutant | -10/Materials Mutant | -10/Mines Mutant | -10/Subcaves Mutant | -7/Recycling Resources | -11 -10 -10 -10 -7 ----------- Run | Yrd Mat Min Sub Rec Matter Collected 1121 | 262 587 49 103 120 Remotely . | . . . . . Salvage Created 822 | 49 635 69 69 . Parts 64 | 12 36 5 11 . Haulers Intercepted 1 | . 1 . . . Recyclers Shooed 1 | . 1 . . . Parts Field Recycled . | . . . . . Retrieved Matter . | . . . . . Parts Self-Destructed 13 | . . . 13 . Prevented . | . . . . . Kills | -11 -10 -10 -10 -7 ------- Run | Yrd Mat Min Sub Rec Combat Hostiles Destroyed 26 | . 15 5 6 . Guns 9 | . 7 . 2 . Cannons 8 | . 8 . . . AOE 9 | . . 5 4 . Classes Destroyed 7 | 1 4 . 2 . Tunneler 2 | 2 . . . . Hauler 1 | . 1 . . . Operator 2 | . 2 . . . Turret 2 | . . . 2 . Swarmer 11 | . 3 3 5 . Grunt 14 | . 12 2 . . Subdweller 1 | . . . 1 . Best Kill Streak 4 | 2 4 3 3 . Combat Bots Only 3 | . 3 3 3 . Max Kills in Single Turn 2 | 1 1 2 2 . Gunslinging . | . . . . . Exploded 2 | . . 2 1 . Melee . | . . . . . Uniques/NPCs Destroyed . | . . . . . Combat | -11 -10 -10 -10 -7 -------- Run | Yrd Mat Min Sub Rec Hostile Shots Fired 241 | . 118 28 83 12 Missed 69 | . 25 4 36 4 Damage Taken 1759 | . 991 343 372 53 Core 255 | . 146 46 54 9 Absorbed by Shields . | . . . . . Redirected to Shielding 43 | . 24 8 9 2 Core Remaining (%) 100 | 100 . . . . Volleys Fired 99 | 3 72 11 12 1 Largest 2 | 2 2 2 2 2 Hottest 120 | 40 116 120 103 88 Shots Fired 184 | 6 136 17 23 2 Gun 123 | 6 96 4 15 2 Cannon 49 | . 40 9 . . Launcher 12 | . . 4 8 . Special . | . . . . . Kinetic 93 | 6 66 4 16 1 Thermal 82 | . 70 9 2 1 Explosive 9 | . . 4 5 . Electromagnetic . | . . . . . Robot Hit Streak 12 | 4 9 12 4 1 Robot Miss Streak 6 | . 6 1 4 1 Penetration Max . | . . . . . Secondary Targets 1 | . 1 . . . Max Gunslinging Chain 1 | . 1 . . . Shots Hit Robots 99 | 4 74 15 5 1 Core Hits 44 | 2 28 6 8 . Critical Kills . | . . . . . Critical Parts Destroyed . | . . . . . Critical Strikes 1 | . 1 . . . Burn 1 | . 1 . . . Melee Attacks . | . . . . . Impact . | . . . . . Slashing . | . . . . . Piercing . | . . . . . Sneak Attacks . | . . . . . Combat Hostiles . | . . . . . Follow-up Attacks . | . . . . . Damage Inflicted 2312 | 46 1091 427 737 11 Guns 876 | 46 706 19 94 11 Cannons 543 | . 385 158 . . Explosions 893 | . . 250 643 . Melee . | . . . . . Ramming . | . . . . . Kinetic 936 | 46 445 19 415 11 Thermal 804 | . 646 158 . . Explosive 572 | . . 250 322 . Electromagnetic . | . . . . . Impact . | . . . . . Slashing . | . . . . . Piercing . | . . . . . Highest Corruption . | . . . . . Average Corruption . | . . . . . Corruption Purged . | . . . . . Corruption Blocked . | . . . . . Overload Shots . | . . . . . Overflow Damage 84 | . . 39 45 . Projectiles . | . . . . . Explosions 84 | . . 39 45 . Melee . | . . . . . Knockbacks . | . . . . . Impact . | . . . . . Kinetic . | . . . . . Secondary . | . . . . . Self-Inflicted Damage 40 | . . 40 . . Shots 1 | . . 1 . . Rammed . | . . . . . Targets Rammed . | . . . . . Kicked . | . . . . . Crushed . | . . . . . Highest Temperature 508 | . 508 357 13 20 Average Temperature 187 | . 192 187 6 15 Received Heat Transfer 843 | . 480 147 198 18 Effects 13 | . 12 1 . . Shutdowns 3 | . 3 . . . Energy Bleed 5 | . 5 . . . Matter Decay 2 | . 2 . . . Short Circuit 2 | . 1 1 . . Damage (minor) 1 | . 1 . . . Siege Activations . | . . . . . Robots Corrupted . | . . . . . Combat Hostiles . | . . . . . Parts Fried . | . . . . . Impact Corruptions . | . . . . . Robots Melted . | . . . . . Combat Hostiles . | . . . . . Parts Melted 3 | . 2 1 . . Heat Transferred 1790 | . 1457 333 . . Parts Sabotaged . | . . . . . Parts Stolen . | . . . . . Parts Stripped . | . . . . . Power Chain Reactions . | . . . . . Alert | -11 -10 -10 -10 -7 ------- Run | Yrd Mat Min Sub Rec Peak Influence 173 | 10 173 163 . 74 Initial 57 | . 6 56 . 57 Average 68 | 2 71 71 . 61 Maximum Alert Level . | . . . . . Low Security (%) 100 | 100 100 100 . 100 Level 1 . | . . . . . Level 2 . | . . . . . Level 3 . | . . . . . Level 4 . | . . . . . Level 5 . | . . . . . High Security . | . . . . . Max Security . | . . . . . Squads Dispatched 5 | . 4 1 . . Investigation 3 | . 2 1 . . Extermination . | . . . . . Reinforcement 2 | . 2 . . . Assault . | . . . . . Garrison . | . . . . . Intercept . | . . . . . Searches Triggered . | . . . . . Construction Impeded . | . . . . . Haulers Reinforced . | . . . . . Active Scanning Responses . | . . . . . Cargo Convoy Interrupts . | . . . . . Stealth | -11 -10 -10 -10 -7 --------- Run | Yrd Mat Min Sub Rec Distress Signals . | . . . . . Communications Jammed . | . . . . . Distress Signals . | . . . . . Times Spotted 46 | . 29 5 11 1 Peak Tracking Total 6 | . 5 3 6 1 Tactical Retreats 1 | . . . 1 . Traps | -11 -10 -10 -10 -7 ------- Run | Yrd Mat Min Sub Rec Traps Triggered 6 | . 6 . . . Indirectly . | . . . . . Trap Hack Attempts . | . . . . . Triggered . | . . . . . Disarmed . | . . . . . Reprogrammed . | . . . . . Reused . | . . . . . Traps Extracted . | . . . . . Installed . | . . . . . Triggered . | . . . . . Machines | -11 -10 -10 -10 -7 ---------- Run | Yrd Mat Min Sub Rec Machines Disabled 5 | . 1 . 4 . Max in Single Turn 3 | . 1 . 3 . Machines Repaired . | . . . . . Machines Dismantled . | . . . . . Machines Sabotaged . | . . . . . Overloaded Fab Kills . | . . . . . Hacking | -11 -10 -10 -10 -7 --------- Run | Yrd Mat Min Sub Rec Machines Accessed 4 | . 2 1 . 1 Terminals 2 | . 1 . . 1 Fabricators . | . . . . . Repair Stations . | . . . . . Recycling Units 1 | . 1 . . . Scanalyzers . | . . . . . Garrison Access . | . . . . . Total Hacks 7 | . 4 1 . 2 Successful 5 | . 3 1 . 1 Failed 2 | . 1 . . 1 Catastrophic . | . . . . . Database Lockouts . | . . . . . Manual . | . . . . . Terminals 3 | . 1 . . 2 Fabricators . | . . . . . Repair Stations . | . . . . . Recycling Units 3 | . 3 . . . Scanalyzers . | . . . . . Garrison Access . | . . . . . Terminal Hacks 3 | . 1 1 . 1 Open Door 1 | . . 1 . . Branch Access Points 1 | . . . . 1 Zone Layout 1 | . 1 . . . Fabricator Hacks . | . . . . . Repair Station Hacks . | . . . . . Recycling Unit Hacks 2 | . 2 . . . Report Inventory 1 | . 1 . . . Retrieve Matter 1 | . 1 . . . Scanalyzer . | . . . . . Garrison Access Hacks . | . . . . . Unauthorized Hacks . | . . . . . Terminals . | . . . . . Fabricators . | . . . . . Repair Stations . | . . . . . Recycling Units . | . . . . . Scanalyzers . | . . . . . Garrison Access . | . . . . . Data Cores Recovered . | . . . . . Used . | . . . . . Hacking Detections 2 | . 1 . . 1 Full Trace Events . | . . . . . Feedback Events . | . . . . . Feedback Blocked . | . . . . . Robot Schematics Acquired . | . . . . . Robots Built . | . . . . . Authchips . | . . . . . Time . | . . . . . Total Robot Build Rating . | . . . . . Part Schematics Acquired . | . . . . . Parts Built . | . . . . . Authchips . | . . . . . Time . | . . . . . Total Part Build Rating . | . . . . . Parts Repaired . | . . . . . Time . | . . . . . Parts Recycled . | . . . . . Recycled Matter . | . . . . . Retrieved Matter . | . . . . . Retrieved Components . | . . . . . Parts Scanalyzed . | . . . . . Part Schematics Acquired . | . . . . . Parts Damaged . | . . . . . Bothacking | -11 -10 -10 -10 -7 ------------ Run | Yrd Mat Min Sub Rec Used RIF Installer . | . . . . . Robots Hacked . | . . . . . Non-combat . | . . . . . Combat . | . . . . . Robot Hacks Applied . | . . . . . Relay Couplers Released . | . . . . . Fabnet Peak Effective % . | . . . . . Robots Rewired . | . . . . . Allies Hacked . | . . . . . Hacks Repelled . | . . . . . Allies | -11 -10 -10 -10 -7 -------- Run | Yrd Mat Min Sub Rec Total Allies . | . . . . . Largest Group . | . . . . . Highest-Rated Group . | . . . . . Highest-Rated Ally . | . . . . . Total Orders . | . . . . . Ally Attacks . | . . . . . Total Damage . | . . . . . Kills . | . . . . . Allies Corrupted . | . . . . . Allies Melted . | . . . . . Intel | -11 -10 -10 -10 -7 ------- Run | Yrd Mat Min Sub Rec Robot Analysis Total . | . . . . . Derelict Logs Recovered 1 | . . . 1 . Drone Launches . | . . . . . Drone Recoveries . | . . . . . Exploration | -11 -10 -10 -10 -7 ------------- Run | Yrd Mat Min Sub Rec Turns Passed 2832 | 74 1187 740 603 228 Spaces Moved 1282 | 46 564 262 297 113 Core 27 | 21 6 . . . Treads 597 | 25 558 14 . . Legs 658 | . . 248 297 113 Wheels . | . . . . . Hover . | . . . . . Flight . | . . . . . Fastest Speed 50 | 50 100 160 190 190 Average Speed 174 | 116 161 188 190 190 Slowest Speed 250 | 160 250 190 190 190 Overloaded Moves . | . . . . . Propulsion Burnouts . | . . . . . Robots Hopped . | . . . . . Cave-ins Triggered . | . . . . . Exploration Rate (%) 37 | 3 73 48 31 34 Regions Visited 4 Branch Regions 3 Pre-discovered Areas 2 | . . . 2 . Known Exits Taken . | . . . . . Unknown Exits Taken 4 | 1 1 1 1 . Scrap Searched . | . . . . . Spaces Dug . | . . . . . Terrain Destroyed 85 | . . 29 56 . Melee . | . . . . . Projectile . | . . . . . AOE 85 | . . 29 56 . Terrain Rammed . | . . . . . Walls Destroyed . | . . . . . Machines Disabled . | . . . . . Actions | -11 -10 -10 -10 -7 --------- Run | Yrd Mat Min Sub Rec Total 1701 | 61 712 492 312 124 Wait 240 | . 24 207 . 9 Move 1278 | 45 563 261 296 113 Hop . | . . . . . Pick Up 39 | 7 24 7 1 . Fast Attach 3 | 1 2 . . . Attach 21 | 5 11 4 1 . Detach . | . . . . . Swap 13 | . 8 2 2 1 Drop 8 | . 8 . . . Fire 99 | 3 72 11 12 1 Melee . | . . . . . Ram . | . . . . . Kick . | . . . . . Crush . | . . . . . Escape Stasis . | . . . . . Rewire . | . . . . . Trap . | . . . . . Miscellaneous . | . . . . . Route ------- -11/Scrapyard -10/Materials (discovered 3 exits: [*Mat x2] / *Min) -10/Mines (discovered 2 exits: [*Mat] / [*Sub]) -10/Subcaves (discovered 2 exits: [*Mat] / *Rec) -7/Recycling History --------- Turn | Location | Event 6 | -11/Scrapyard | Discovered new exit (range 14) 75 | -11/Scrapyard | Entered Materials 227 | -10/Materials | Discovered new exit (range 7) 331 | -10/Materials | Build established: Mutant 366 | -10/Materials | Discovered new exit (range 5) 779 | -10/Materials | Discovered new exit (range 14) 959 | -10/Materials | Core integrity fell below 50% 975 | -10/Materials | Lost 3 parts (1n2w) 1262 | -10/Materials | Entered Mines 1342 | -10/Mines | Lost 3 parts (2n1w) 1358 | -10/Mines | Discovered new exit (range 5) 1905 | -10/Mines | Discovered new exit (range 5) 1941 | -10/Mines | Met a Derelict shopkeep closing up shop 2002 | -10/Mines | Entered Subcaves 2019 | -10/Subcaves | Learned location of Zion (-7) 2019 | -10/Subcaves | Met a Zionite searching for "candidates" 2141 | -10/Subcaves | Discovered new exit (range 8) 2284 | -10/Subcaves | A swath of the cavern ceiling suddenly collapsed 2284 | -10/Subcaves | Core integrity fell below 20% 2504 | -10/Subcaves | Shifting Twisted Machinery released Sub. Shrapnel Launcher 2576 | -10/Subcaves | Discovered new exit (range 15) 2579 | -10/Subcaves | Shifting Twisted Machinery released Battle Rifle 2605 | -10/Subcaves | Entered Recycling 2833 | -7/Recycling | Destroyed by Y-54 Guardian with Gatling Laser Last Messages --------------- 02546_ Lgt. Ion Engine fries itself beyond repair. 02549_ Destroyed Flight Unit. 02549_ S-10 Pest destroyed. 02557_ Acquired 6 matter. 02559_ Acquired 9 matter. 02566_ Machine disabled. 02571_ Destroyed Autobeam. 02574_ Autobeam Turret destroyed. 02576_ EXIT=FOUND Battle Rifle falls loose from the Twisted Machinery. LOCATION=UNKNOWN GOAL=ESCAPE 02725_ Acquired 63 matter. 02737_ Acquired 57 matter. 02767_ Connecting with Terminal... 02767_ Current location identified: Recycling >>Access(Branch) No branch access points found. 02767_ Connecting with Terminal... 02828_ Y-54 Guardian springs to life. Map ----- +----------------------------------------------------+ | ?????????????????????????????????????????????????? | | ?????????????????????????????????????????????????? | | ?????????????????????????????????????????????????? | | ?????????????????????????????????????????????????? | | ?????????????????????????????????????????????????? | | ?????????????????????????????????????????????????? | | ?????????????????????????????????????????????????? | | ?????????????????????????????????????????????????? | | ?????????????????????????????????????????????????? | | ?????????????????????????????????????????????????? | | ?????????????????????????????????????????????????? | | ?????????????????????????????????????????????????? | | ?????????????????????????????????????????????????? | | ?????????????????????????????????????????????????? | | ?????????????????????????????????????????????????? | | ?????????????????????????????????????????????????? | | ?????????????????????+####???????????????????????? | | ????????????????????? #??????????????????????? | | ?????????????????????? #??????????????????????? | | ?????????????????????? #??????????????????????? | | ??????????????????????# "??????????????????????? | | ??????????????????????# Y??????????????????????? | | ??????????????????????# "??????????????????????? | | ??????????????????????# #??????????????????????? | | ??????????????????????# #??????????????????????? | | ????????????????????### @#??????????????????????? | | ????????????????????#"" #??????????????????????? | | ????????????????????#"Y ###????????????????????? | | ????????????????????#"" ""#????????????????????? | | ????????????????????###Y Y"#????????????????????? | | ?????????????????????# ""#????????????????????? | | ????????????########### ###????????????????????? | | ????????????# # #??????????????????????? | | ????????????# # #??????????????????????? | | ????????????# """ # #??????????????????????? | | ??????????? # """"" ; #??????????????????????? | | ??????????? ??""""" # #??????????????????????? | | ??????????# ???"""" # #??????????????????????? | | ??????????# ???""" # #??????????????????????? | | ????????"?# ??? # #??????????????????????? | | ????????"?# ??######### #??????????????????????? | | ???????? ?# #?????###?# #??????????????????????? | | ?#+#####+## #######T### #??????????????????????? | | ?# #??????????????????????? | | ?# #####??????????????????? | | ## """ """ """ """ ##T"#??????????????????? | | + """ """ """ """ ## "#### # #???????????? | | # """ """ """ """ #?????? | | # ######## ###???????????? | | # #??????????????????????? | +----------------------------------------------------+ Best States ------------- Heat Dissipation 25 Energy Generation 14 Energy Capacity 280 Matter Stores 300 Matter Capacity 300 Sight Range 16 Terrain Scan Density 10 Core Shielding 20 Utility Shielding 33 Evasion (%) 50 Recoil Reduction 2 Item Schematics ----------------- None Robot Schematics ------------------ None Fabricated ------------ Nothing Alien Tech Used ----------------- None Achievements -------------- None Challenges ------------ None Game ------ Seed LightpackLaserBlade Manual? 0 Play Time 00:16:45 Cumulative 34.5 hours Start 2025.03.16 @ 10:34:13 End 2025.03.16 @ 10:49:55 Sessions 1 Manual Loads 0 Difficulty Rogue Special Mode None Game No. 64 Rogue 64 Adventurer 0 Explorer 0 Win Type - Total 0 Types 0/0/0/0/0/0/0/0/0 Lore% 34 Gallery% 36 Achievement% 33 Wizard Run 0 Options --------- Layout 0 ASCII 0 Keyboard 0 Movement Mouse Keybinds 0 Fullscreen 1 Font 16/SmallcapsGlow Map View 75x55 Zoom Use 0% Tactical HUD 1 Map Filters NONE Filters NONE Steam 1 RUN: 38f455eb-9b5e-46a0-b72d-41179a11de2d